 Dungeon Crawl Stone Soup version 0.21-a0-201-g8501b10 (webtiles) character file.

285 Deeps the Skirmisher (level 6, -5/57 HPs)
             Began as a Minotaur Fighter on Aug 19, 2017.
             Slain by Grinder (7 damage)
             ... on level 4 of the Dungeon.
             The game lasted 00:04:22 (2643 turns).

Deeps the Skirmisher (Minotaur Fighter)             Turns: 2643, Time: 00:04:22

Health: -5/57      AC:  8    Str: 27    XL:     6   Next: 7%
Magic:  5/5        EV:  7    Int:  5    God:
Gold:   120        SH: 10    Dex: 10    Spells: 5/5 levels left

rFire    . . .     SeeInvis .   a - +1 war axe
rCold    . . .     Gourm    .   c - +0 shield
rNeg     . . .     Faith    .   b - +0 scale mail
rPois    .         Spirit   .   (helmet restricted)
rElec    .         Reflect  .   p - +0 cloak
rCorr    .         Harm     .   (no gloves)
MR       .....                  (no boots)
Stlth    ..........             h - amulet of rage
HPRegen  0.19/turn              (no ring)
MPRegen  0.09/turn              (no ring)

@: mighty
A: retaliatory headbutt, horns 2
a: Evoke Berserk Rage


You were on level 4 of the Dungeon.
You were hungry.

You visited 1 branch of the dungeon, and saw 4 of its levels.

You collected 120 gold pieces.

Inventory:

Hand Weapons
 a - a +1 war axe (weapon)
Armour
 b - a +0 scale mail (worn)
 c - a +0 shield (worn)
 p - a +0 cloak (worn)
Jewellery
 h - an amulet of rage (around neck)
Wands
 r - a wand of random effects (41/48)
Scrolls
 e - 4 scrolls of remove curse
 g - 5 scrolls of identify
 n - a scroll of enchant weapon
Potions
 l - a potion of haste
Comestibles
 f - 3 bread rations
 j - 2 royal jellies


   Skills:
 + Level 6.3 Fighting
 + Level 5.7 Axes
 - Level 3.6 Armour
 - Level 3.6 Shields


You had 5 spell levels left.
You didn't know any spells.

Dungeon Overview and Level Annotations

Branches:
Dungeon (4/15)
 Temple: D:4-7

Altars:
Hepliaklqana
Qazlal
Vehumet
Yredelemnul

Annotations:
D:4 Grinder


Innate Abilities, Weirdness & Mutations

You reflexively headbutt those who attack you in melee.
You have a pair of horns on your head.


Message History

Found 13 gold pieces.
You start resting.
Grinder hits you.
* * * LOW HITPOINT WARNING * * *
You writhe in agony.
* * * LOW HITPOINT WARNING * * *
You slash Grinder!
Grinder is almost dead.
Grinder hits you!
* * * LOW HITPOINT WARNING * * *
You writhe in agony.
* * * LOW HITPOINT WARNING * * *
You closely miss Grinder.
Grinder is almost dead.
You block Grinder's attack.
Unknown command.
You closely miss Grinder.
Grinder is almost dead.
Grinder hits you but does no damage. Grinder hits you!
You die...

.$ ..
#.###########.#
###....#......#..
#......#........
# #....#......#
#.#....#......#
#......5..>...#
#.#...@#......#
#....#......#
#....#....?.#
#....##.#.###
.......#...#
#.......##..#
##..^...##..#
#......###.##
#......# #ยง.#


You could see Grinder.

Vanquished Creatures
  A centaur skeleton (D:4)
  A bullfrog skeleton (D:3)
  Crazy Yiuf (D:2)
  5 adders
  4 gnolls
  2 oozes
  3 worms
  A dart slug (D:1)
  10 orcs (D:3)
  A ball python (D:1)
  6 bats
  7 giant cockroaches
  11 goblins
  9 hobgoblins
  9 jackals
  4 kobolds
  A quokka (D:3)
  3 frilled lizards
  8 rats
87 creatures vanquished.

Notes
Turn   | Place    | Note
-------+----------+-------------------------------------------
     0 | D:1      | Deeps the Minotaur Fighter began the quest for the Orb.
     0 | D:1      | Reached XP level 1. HP: 19/19 MP: 0/0
   329 | D:1      | Reached skill level 4 in Fighting
   329 | D:1      | Reached XP level 2. HP: 23/27 MP: 1/1
   567 | D:1      | Reached XP level 3. HP: 34/34 MP: 2/2
  1178 | D:2      | Found a runed door.
  1198 | D:2      | Reached skill level 5 in Fighting
  1198 | D:2      | Reached XP level 4. HP: 42/42 MP: 3/3
  1686 | D:2      | Noticed Crazy Yiuf
  1690 | D:2      | Killed Crazy Yiuf
  1788 | D:3      | Reached XP level 5. HP: 48/48 MP: 4/4
  1836 | D:3      | Found a hazy altar of Hepliaklqana.
  1981 | D:3      | Reached skill level 5 in Axes
  2130 | D:3      | Reached skill level 6 in Fighting
  2412 | D:3      | Found a basalt altar of Yredelemnul.
  2412 | D:3      | Found a faded altar of an unknown god.
  2417 | D:3      | Found a stormy altar of Qazlal.
  2419 | D:3      | Found a faded altar of an unknown god.
  2421 | D:3      | Found a radiant altar of Vehumet.
  2600 | D:4      | Noticed Grinder
  2609 | D:4      | Reached XP level 6. HP: 23/57 MP: 5/5
  2611 | D:4      | Paralysed by Grinder for 3 turns
  2641 | D:4      | HP: 2/57 [Grinder (2)]
  2643 | D:4      | Slain by Grinder

Vault maps used:
D:1:      dpeg_cavernosity, serial_forest, infiniplex_forest_clump_long,
          infiniplex_forest_clump_curved, infiniplex_forest_lined_room_2,
          infiniplex_forest_end_3, infiniplex_forest_zigzag_2,
          infiniplex_forest_lined_corner, solitary_fountain,
          corexii_item_surrounded_by_moat
D:2:      first_bread, uniq_crazy_yiuf_cottage
D:3:      old_standard_altar, chequers_temple_overflow_minitemple,
          item_on_display_a
D:4:      nicolae_overflow_hidden_temple, temple_doors_e, uniq_grinder,
          uniq_natasha

Skill      XL: |  1  2  3  4  5 |
---------------+----------------+-----
Axes           | 3 4 5 |  5.7
Fighting       | 4 5 6 |  6.3
Armour         | |  3.6
Shields        | |  3.6

Action                   |  1- 3 |  4- 6 || total
-------------------------+-------+-------++-------
Melee: War axe           |    81 |   124 ||   205
       Headbutt          |    19 |    17 ||    36
  Use: Scroll            |     2 |     5 ||     7
       Potion            |       |     5 ||     5
  Eat: Chunk             |       |     5 ||     5
Armor: Scale mail        |    25 |    46 ||    71
Dodge: Dodged            |    23 |    38 ||    61
Block: Shield            |    44 |    64 ||   108
